 Dungeon Crawl Stone Soup version 0.20.1-1-g8b1a95d (webtiles) character file.

94 Phantomfrettchen the Insei (level 4, -3/28 HPs)
             Began as an Octopode Transmuter on Oct 7, 2017.
             Slain by Phantomfrettchen's ghost (7 damage)
             ... on level 3 of the Dungeon.
             The game lasted 00:07:27 (1726 turns).

Phantomfrettchen the Insei (Octopode Transmuter)    Turns: 1726, Time: 00:07:28

Health: -3/28      AC:  1    Str:  9    XL:     4   Next: 63%
Magic:  1/7        EV: 13    Int: 15    God:
Gold:   148        SH:  0    Dex: 13    Spells: 4/7 levels left

rFire    . . .     SeeInvis .   o - +1 dagger (drain)
rCold    . . .     Gourm    .   (no shield)
rNeg     . . .     Faith    .   (helmet restricted)
rPois    .         Spirit   .   (no amulet)
rElec    .         Reflect  .   (no ring)
rCorr    .         Harm     .   (no ring)
MR       .....                  (no ring)
Stlth    ++........             (no ring)
Regen    0.1/turn               (no ring)
MPRegen  0.1/turn               (no ring)
                                (no ring)
                                (no ring)

@: appendage (expiring), drained
A: almost no armour, stealthy swim, amphibious, 8 rings, constrict 8, tentacle
spike 3, camouflage 1, gelatinous body 1
a: End Transformation


You were on level 3 of the Dungeon.
You were not hungry.
One of your tentacles had a temporary spike.
You visited 1 branch of the dungeon, and saw 3 of its levels.

You collected 148 gold pieces.

Inventory:

Hand Weapons
 g - a +0 hunting sling
 o - a +1 dagger of draining (weapon)
Missiles
 a - 58 arrows
 e - 74 stones (quivered)
 q - 7 poisoned needles
Jewellery
 m - an uncursed ring of stealth {unknown}
Scrolls
 d - a scroll of teleportation {unknown}
 j - a scroll of identify {unknown}
 p - 4 scrolls of fog {unknown}
 r - a scroll of magic mapping {unknown}
Potions
 h - a potion of heal wounds
 k - a potion of brilliance {unknown}
 l - a potion of haste {unknown}
 n - a potion of resistance {unknown}
 s - a potion of curing {unknown}
 t - a potion of might {unknown}
 u - a potion of ambrosia {unknown}
Books
 b - a book of Changes

   Spells                             Type                      Level
   a - Beastly Appendage              Transmutation                1
   b - Sticks to Snakes               Transmutation                2
   c - Spider Form                    Transmutation/Poison         3
   d - Ice Form                       Ice/Transmutation            4
   e - Blade Hands                    Transmutation                5
Comestibles
 c - 2 bread rations
 f - 2 chunks of flesh
 i - 2 fruits


   Skills:
 + Level 1.2(1.1) Fighting
 * Level 1.7(1.6) Throwing
 - Level 2.1(2.0) Dodging
 - Level 4.5(4.4) Unarmed Combat
 - Level 2.2(2.1) Spellcasting
 - Level 2.0(1.9) Transmutations


You had 4 spell levels left.
You knew the following spells:

 Your Spells              Type           Power        Failure   Level  Hunger
a - Beastly Appendage     Tmut           #.....       10%         1    #......
b - Sticks to Snakes      Tmut           #.......     14%         2    ###....


Dungeon Overview and Level Annotations

Branches:
Dungeon (3/15)

Altars:
Ru

Annotations:
D:3 Phantomfrettchen's ghost, amateur OpTm


Innate Abilities, Weirdness & Mutations

You cannot wear most types of armour.
You are very stealthy in the water. (Stealth+)
You are amphibious.
You can wear up to eight rings at the same time.
You can use your tentacles to constrict eight enemies at once.
Your skin changes colour to match your surroundings (Stealth+).
Your rubbery body absorbs attacks. (AC +1, EV +1)
One of your tentacles bears a large vicious spike.


Message History

You closely miss Phantomfrettchen's ghost.
You pierce Phantomfrettchen's ghost.
Phantomfrettchen's ghost is heavily damaged.
Your transformation is almost over.
Phantomfrettchen's ghost closely misses you.
You hit Phantomfrettchen's ghost.
Phantomfrettchen's ghost is heavily damaged.
Phantomfrettchen's ghost hits you.
You barely miss Phantomfrettchen's ghost.
Phantomfrettchen's ghost is heavily damaged.
Phantomfrettchen's ghost hits you.
* * * LOW HITPOINT WARNING * * *
You hit Phantomfrettchen's ghost.
Phantomfrettchen's ghost is severely damaged.
Phantomfrettchen's ghost hits you.
* * * LOW HITPOINT WARNING * * *
You hit Phantomfrettchen's ghost but do no damage.
Phantomfrettchen's ghost is severely damaged.
Phantomfrettchen's ghost hits you!
You die...

...s.. #..... #.#
.... #.# ... #.# #.#
#.# #.##########...
#.# ##...@W.)......$
#.####......#########
##.##...####.#
##.....### #...
#...#### ##### #.#.#
#.#.# #.#.# ..#.#


You could see Phantomfrettchen's ghost.

Vanquished Creatures
  An orc wizard (D:2)
  A gnoll (D:1)
  An adder (D:2)
  A dart slug (D:2)
  4 bats
  6 goblins
  6 hobgoblins
  3 jackals (D:2)
  7 kobolds
  2 ball pythons
  6 frilled lizards
  8 rats
46 creatures vanquished.

Notes
Turn   | Place    | Note
-------+----------+-------------------------------------------
     0 | D:1      | Phantomfrettchen the Octopode Transmuter began the quest for the Orb.
     0 | D:1      | Reached XP level 1. HP: 13/13 MP: 3/3
   157 | D:1      | Reached XP level 2. HP: 16/18 MP: 3/5
   182 | D:1      | Learned a level 2 spell: Sticks to Snakes
   378 | D:1      | Reached XP level 3. HP: 19/23 MP: 6/6
   916 | D:2      | Reached skill level 4 in Unarmed Combat
   943 | D:2      | Found a sacrificial altar of Ru.
   954 | D:2      | Reached XP level 4. HP: 10/28 MP: 5/7
  1109 | D:2      | Reached skill level 1 in Throwing
  1702 | D:3      | Noticed Phantomfrettchen's ghost (amateur OpTm)
  1726 | D:3      | Slain by Phantomfrettchen's ghost

Skill      XL: |  1  2  3  4 |
---------------+-------------+-----
Unarmed Combat | 4 |  4.5
Throwing       | 1 |  1.7
Fighting       | |  1.2
Dodging        | |  2.1
Spellcasting   | |  2.2
Transmutations | |  2.0

Action                   |  1- 3 |  4- 6 || total
-------------------------+-------+-------++-------
Melee: Unarmed           |    46 |     4 ||    50
       Constrict         |    15 |    10 ||    25
       Tentacles         |     4 |     6 ||    10
       Kick              |     8 |     6 ||    14
       Punch             |     1 |       ||     1
       Dagger            |       |    39 ||    39
Throw: Stone             |    28 |       ||    28
 Cast: Beastly Appendage |    10 |     8 ||    18
       Sticks to Snakes  |       |     3 ||     3
  Use: Potion            |       |     1 ||     1
 Stab: Sleeping          |     1 |     1 ||     2
       Paralysed         |     1 |       ||     1
       Invisible         |       |     1 ||     1
  Eat: Chunk             |       |     3 ||     3
Armor: Skin              |     4 |     6 ||    10
Dodge: Dodged            |    29 |    23 ||    52
